TOP OF THE 1ST |
Hialeah Dodos batting - Pitching for Syracuse Starks : RHP Bryant Clark
|
Pitching: RHP Bryant Clark
|
|
Batting: RHB Gavrie Germashev
|
0-0: Ball 1-0: Ball 2-0: Called Strike 2-1: Fly out, F9 (Flyball, 9, EV 86.2 MPH)
|
Batting: RHB Emílio Soto
|
0-0: Ground out 5-3 (Groundball, 56, EV 108.1 MPH)
|
Batting: LHB Pete Black
|
0-0: Swinging Strike 0-1: Ball 1-1: Swinging Strike 1-2: Ball 2-2: Foul Ball, location: 2F 2-2: Strikes out swinging
|
Top of the 1st over - 0 runs, 0 hits, 0 errors, 0 left on base; Hialeah 0 - Syracuse 0 |
BOTTOM OF THE 1ST |
Syracuse Starks batting - Pitching for Hialeah Dodos : LHP Cooper Carroll
|
Pitching: LHP Cooper Carroll
|
|
Batting: SHB Orlando Sáenz
|
0-0: Called Strike 0-1: Ball 1-1: Called Strike 1-2: Ground out 5-3 (Groundball, 5L, EV 83.1 MPH)
|
Batting: RHB Luis Ávila
|
0-0: Swinging Strike 0-1: Swinging Strike 0-2: Ball 1-2: Ball 2-2: Fly out, F8 (Flyball, 8RXD, EV 93.8 MPH)
|
Batting: SHB Bill Gatacre
|
0-0: Ball 1-0: Ball 2-0: Ball 3-0: Foul Ball, location: 2F 3-1: DOUBLE (Line Drive, 9LM, EV 100.6 MPH)
|
Batting: SHB Paul Gonzáles
|
0-0: Ball 1-0: Ball 2-0: Fly out, F4 (Line Drive, 4, EV 66.9 MPH)
|
Bottom of the 1st over - 0 runs, 1 hit, 0 errors, 1 left on base; Hialeah 0 - Syracuse 0 |
TOP OF THE 2ND |
Hialeah Dodos batting - Pitching for Syracuse Starks : RHP Bryant Clark
|
Batting: LHB Jon Melanson
|
0-0: Ball 1-0: SINGLE (Line Drive, 8RS, EV 86.9 MPH)
|
Batting: RHB Calvin Chappell
|
0-0: Called Strike Jon Melanson is caught stealing 2nd base 2-4 0-1: Called Strike 0-2: Strikes out swinging
|
Batting: RHB Lee Montgomery
|
0-0: Ball 1-0: Called Strike 1-1: Foul Ball, location: 2F 1-2: Ground out 4-3 (Groundball, 34, EV 106.2 MPH)
|
Top of the 2nd over - 0 runs, 1 hit, 0 errors, 0 left on base; Hialeah 0 - Syracuse 0 |
BOTTOM OF THE 2ND |
Syracuse Starks batting - Pitching for Hialeah Dodos : LHP Cooper Carroll
|
Batting: RHB Silvio van Dalen
|
0-0: Foul Ball, location: 2F 0-1: Foul Ball, location: 2F 0-2: Ball 1-2: Ground out 4-3 (Groundball, 4MD, EV 106.9 MPH)
|
Batting: RHB Bob Bray
|
0-0: Ball 1-0: Swinging Strike 1-1: Ball 2-1: Foul Ball, location: 2F 2-2: DOUBLE (Flyball, 8RD, EV 106.9 MPH)
|
Batting: RHB Alex Haynes
|
0-0: Fly out, F7 (Line Drive, 7, EV 93.8 MPH)
|
Batting: LHB Charles Godard
|
0-0: Ball 1-0: Foul Ball, location: 2F 1-1: Called Strike 1-2: Strikes out swinging
|
Bottom of the 2nd over - 0 runs, 1 hit, 0 errors, 1 left on base; Hialeah 0 - Syracuse 0 |
TOP OF THE 3RD |
Hialeah Dodos batting - Pitching for Syracuse Starks : RHP Bryant Clark
|
Batting: RHB Damon Joseph
|
0-0: Swinging Strike 0-1: Ball 1-1: Fly out, F8 (Line Drive, 8RM, EV 86.9 MPH)
|
Batting: RHB Woody Maxwell
|
0-0: Foul Ball, location: 2F 0-1: Ball 1-1: Ground out 6-3 (Groundball, 6, EV 81.2 MPH)
|
Batting: RHB Cleaver Greene
|
0-0: Foul Ball, location: 2F 0-1: Called Strike 0-2: Ball 1-2: Ball 2-2: Fly out, F7 (Flyball, 7LS, EV 78.8 MPH)
|
Top of the 3rd over - 0 runs, 0 hits, 0 errors, 0 left on base; Hialeah 0 - Syracuse 0 |
BOTTOM OF THE 3RD |
Syracuse Starks batting - Pitching for Hialeah Dodos : LHP Cooper Carroll
|
Batting: RHB Alex Wilhelm
|
0-0: Ground out 5-3 (Groundball, 56, EV 108.8 MPH)
|
Batting: SHB Orlando Sáenz
|
0-0: Called Strike 0-1: Foul Ball, location: 2F 0-2: Foul Ball, location: 2F 0-2: Ground out 5-3 (Groundball, 56S, EV 66.2 MPH)
|
Batting: RHB Luis Ávila
|
0-0: Ball 1-0: SINGLE (Line Drive, 8RS, EV 108.1 MPH)
|
Batting: SHB Bill Gatacre
|
0-0: Ball 1-0: Foul Ball, location: 2F 1-1: Foul Ball, location: 2F 1-2: Ball 2-2: Ball 3-2: Foul Ball, location: 2F 3-2: Base on Balls Luis Ávila to second
|
Batting: SHB Paul Gonzáles
|
0-0: Called Strike 0-1: Ball 1-1: Foul Ball, location: 2F 1-2: Hit by Pitch Luis Ávila to third Bill Gatacre to second
|
Batting: RHB Silvio van Dalen
|
0-0: Foul Ball, location: 2F 0-1: SINGLE (Groundball, 6D, EV 98.8 MPH) Luis Ávila scores Bill Gatacre to third Paul Gonzáles to second Runner from 3rd tries for Home, SAFE, throw by CF to home Paul Gonzáles to third Silvio van Dalen to second
|
Batting: RHB Bob Bray
|
0-0: Ball 1-0: Ball 2-0: Ball 3-0: Swinging Strike 3-1: Foul Ball, location: 2F 3-2: SINGLE (Line Drive, 6MD, EV 103.1 MPH) Paul Gonzáles scores Silvio van Dalen to third
|
Batting: RHB Alex Haynes
|
0-0: Called Strike 0-1: Ball 1-1: Ball 2-1: Fly out, F7 (Line Drive, 78M, EV 90.6 MPH)
|
Bottom of the 3rd over - 3 runs, 3 hits, 0 errors, 2 left on base; Hialeah 0 - Syracuse 3 |
TOP OF THE 4TH |
Hialeah Dodos batting - Pitching for Syracuse Starks : RHP Bryant Clark
|
Batting: RHB Gavrie Germashev
|
0-0: Called Strike 0-1: Ground out 4-3 (Groundball, 4, EV 82.5 MPH)
|
Batting: RHB Emílio Soto
|
0-0: Ball 1-0: DOUBLE (Groundball, 5L, EV 100.6 MPH)
|
Batting: LHB Pete Black
|
0-0: Foul Ball, location: 2F 0-1: TRIPLE (Flyball, 89XD, EV 101.9 MPH) Emílio Soto scores
|
Batting: LHB Jon Melanson
|
0-0: Foul Ball, location: 2F 0-1: Foul Ball, location: 2F 0-2: Foul Ball, location: 2F 0-2: Ground out 5-3 (Groundball, 5L, EV 86.9 MPH)
|
Batting: RHB Calvin Chappell
|
0-0: Ball 1-0: Called Strike 1-1: Swinging Strike 1-2: Ball 2-2: Strikes out swinging
|
Top of the 4th over - 1 run, 2 hits, 0 errors, 1 left on base; Hialeah 1 - Syracuse 3 |
BOTTOM OF THE 4TH |
Syracuse Starks batting - Pitching for Hialeah Dodos : LHP Cooper Carroll
|
Batting: LHB Charles Godard
|
0-0: Ball 1-0: Ground out U3 (Groundball, 3S, EV 87.5 MPH)
|
Batting: RHB Alex Wilhelm
|
0-0: SINGLE (Groundball, 4D, EV 104.4 MPH)
|
Batting: SHB Orlando Sáenz
|
0-0: Foul Ball, location: 2F 0-1: Ball 1-1: Fielders Choice at 2nd, 5-4 (Groundball, 56, EV 87.5 MPH)
|
Batting: RHB Luis Ávila
|
0-0: Ball Orlando Sáenz steals 2nd base 1-0: Ball 2-0: Foul Ball, location: 2F 2-1: Swinging Strike 2-2: SINGLE (Groundball, 6MS, EV 69.4 MPH) (infield hit) Orlando Sáenz to third
|
Batting: SHB Bill Gatacre
|
0-0: Foul Ball, location: 2F 0-1: Swinging Strike 0-2: Strikes out swinging
|
Bottom of the 4th over - 0 runs, 2 hits, 0 errors, 2 left on base; Hialeah 1 - Syracuse 3 |
TOP OF THE 5TH |
Hialeah Dodos batting - Pitching for Syracuse Starks : RHP Bryant Clark
|
Batting: RHB Lee Montgomery
|
0-0: Fly out, F8 (Flyball, 8RS, EV 88.1 MPH)
|
Batting: RHB Damon Joseph
|
0-0: Ball 1-0: Ball 2-0: Called Strike 2-1: Ball 3-1: SINGLE (Line Drive, 4MD, EV 96.9 MPH)
|
Batting: RHB Woody Maxwell
|
0-0: Fly out, F8 (Flyball, 8LD, EV 100.0 MPH)
|
Batting: RHB Cleaver Greene
|
0-0: Called Strike 0-1: Ball 1-1: Foul Ball, location: 2F 1-2: Ball Damon Joseph is caught stealing 2nd base 2-4
|
Top of the 5th over - 0 runs, 1 hit, 0 errors, 0 left on base; Hialeah 1 - Syracuse 3 |
BOTTOM OF THE 5TH |
Syracuse Starks batting - Pitching for Hialeah Dodos : LHP Cooper Carroll
|
Batting: SHB Paul Gonzáles
|
0-0: Ground out U3 (Groundball, 34, EV 98.8 MPH)
|
Batting: RHB Silvio van Dalen
|
0-0: Called Strike 0-1: Ball 1-1: Ball 2-1: Ball 3-1: Swinging Strike 3-2: Foul Ball, location: 2F 3-2: Strikes out swinging
|
Pitching: LHP George Butler
|
|
Batting: RHB Bob Bray
|
0-0: Called Strike 0-1: Ball 1-1: Foul Ball, location: 2F 1-2: Ball 2-2: Ball 3-2: Strikes out swinging
|
Bottom of the 5th over - 0 runs, 0 hits, 0 errors, 0 left on base; Hialeah 1 - Syracuse 3 |
TOP OF THE 6TH |
Hialeah Dodos batting - Pitching for Syracuse Starks : RHP Bryant Clark
|
Batting: RHB Cleaver Greene
|
0-0: Called Strike 0-1: Foul Ball, location: 2F 0-2: Ground out 6-3 (Groundball, 6, EV 86.9 MPH)
|
Batting: RHB Gavrie Germashev
|
0-0: Ball 1-0: Foul Ball, location: 2F 1-1: Ball 2-1: DOUBLE (Line Drive, 9LM, EV 105.0 MPH)
|
Batting: RHB Emílio Soto
|
0-0: Fly out, F7 (Flyball, 78M, EV 83.1 MPH)
|
Batting: LHB Pete Black
|
0-0: Foul Ball, location: 2F 0-1: Foul Ball, location: 2F 0-2: Ground out 4-3 (Groundball, 4, EV 85.0 MPH)
|
Top of the 6th over - 0 runs, 1 hit, 0 errors, 1 left on base; Hialeah 1 - Syracuse 3 |
BOTTOM OF THE 6TH |
Syracuse Starks batting - Pitching for Hialeah Dodos : LHP George Butler
|
Batting: RHB Alex Haynes
|
0-0: Ball 1-0: Ball 2-0: Ball 3-0: Base on Balls
|
Batting: LHB Charles Godard
|
0-0: Called Strike 0-1: Ball 1-1: Ground out 4-3 (Groundball, 4, EV 86.2 MPH) Alex Haynes to second
|
Batting: RHB Alex Wilhelm
|
0-0: Ball 1-0: Foul Ball, location: 2F 1-1: Ball 2-1: Foul Ball, location: 2F 2-2: Foul Ball, location: 2F 2-2: DOUBLE (Flyball, 7LD, EV 106.9 MPH) Alex Haynes scores
|
Batting: SHB Orlando Sáenz
|
0-0: Ball 1-0: Called Strike 1-1: Swinging Strike 1-2: Ball 2-2: Ball 3-2: Base on Balls
|
Batting: RHB Luis Ávila
|
0-0: Ball 1-0: Called Strike 1-1: Called Strike 1-2: Ball 2-2: Foul Ball, location: 2F 2-2: Ball 3-2: Strikes out swinging
|
Batting: SHB Bill Gatacre
|
0-0: Ball 1-0: Swinging Strike 1-1: Foul Ball, location: 2F 1-2: Hit by Pitch Alex Wilhelm to third Orlando Sáenz to second
|
Batting: SHB Paul Gonzáles
|
0-0: Swinging Strike 0-1: Ball 1-1: Foul Ball, location: 2F 1-2: Fly out, F9 (Flyball, 89M, EV 83.1 MPH)
|
Bottom of the 6th over - 1 run, 1 hit, 0 errors, 3 left on base; Hialeah 1 - Syracuse 4 |
TOP OF THE 7TH |
Hialeah Dodos batting - Pitching for Syracuse Starks : RHP Bryant Clark
|
Batting: LHB Jon Melanson
|
0-0: Called Strike 0-1: Ball 1-1: SINGLE (Line Drive, 89S, EV 106.9 MPH)
|
Batting: RHB Calvin Chappell
|
0-0: Called Strike 0-1: Ball 1-1: Foul Ball, location: 2F 1-2: Fly out, F9 (Line Drive, 9, EV 92.5 MPH)
|
Batting: RHB Lee Montgomery
|
0-0: Grounds into double play, 6-4-3 (Groundball, 6, EV 90.6 MPH)
|
Top of the 7th over - 0 runs, 1 hit, 0 errors, 0 left on base; Hialeah 1 - Syracuse 4 |
BOTTOM OF THE 7TH |
Syracuse Starks batting - Pitching for Hialeah Dodos : LHP George Butler
|
Batting: RHB Silvio van Dalen
|
0-0: Ball 1-0: Ball 2-0: Called Strike 2-1: Swinging Strike 2-2: Ball 3-2: Foul Ball, location: 2F 3-2: Ground out 5-3 (Groundball, 56S, EV 69.4 MPH)
|
Batting: RHB Bob Bray
|
0-0: Called Strike 0-1: Swinging Strike 0-2: Strikes out looking
|
Batting: RHB Alex Haynes
|
0-0: Foul Ball, location: 2F 0-1: Ball 1-1: Ball 2-1: Ball 3-1: Fly out, F6 (Popup, 6M, EV 50.0 MPH)
|
Bottom of the 7th over - 0 runs, 0 hits, 0 errors, 0 left on base; Hialeah 1 - Syracuse 4 |
TOP OF THE 8TH |
Hialeah Dodos batting - Pitching for Syracuse Starks : RHP Bryant Clark
|
Batting: RHB Damon Joseph
|
0-0: Ball 1-0: SOLO HOME RUN (Flyball, 7D, EV 97.5 MPH), Distance : 382 ft
|
Batting: RHB Woody Maxwell
|
0-0: SOLO HOME RUN (Flyball, 7D, EV 98.1 MPH), Distance : 371 ft
|
Batting: RHB Cleaver Greene
|
0-0: Called Strike 0-1: Ball 1-1: Fly out, F5 (Line Drive, 5L, EV 65.6 MPH)
|
Batting: RHB Gavrie Germashev
|
0-0: Ball 1-0: Ball 2-0: Called Strike 2-1: Called Strike 2-2: Foul Ball, location: 2F 2-2: Strikes out looking
|
Batting: RHB Emílio Soto
|
0-0: Called Strike 0-1: Foul Ball, location: 2F 0-2: Ball 1-2: Ground out 6-3 (Groundball, 56, EV 93.1 MPH)
|
Top of the 8th over - 2 runs, 2 hits, 0 errors, 0 left on base; Hialeah 3 - Syracuse 4 |
BOTTOM OF THE 8TH |
Syracuse Starks batting - Pitching for Hialeah Dodos : LHP George Butler
|
Batting: LHB Charles Godard
|
0-0: Called Strike 0-1: Ball 1-1: Ball 2-1: Foul Ball, location: 2F 2-2: Strikes out swinging
|
Batting: RHB Alex Wilhelm
|
0-0: Fly out, F7 (Flyball, 7LD, EV 91.2 MPH)
|
Batting: SHB Orlando Sáenz
|
0-0: Ball 1-0: SINGLE (Groundball, 56D, EV 100.0 MPH)
|
Pitching: RHP Dan Carter
|
|
Batting: RHB Luis Ávila
|
0-0: Ball 1-0: Ball 2-0: Fly out, F4 (Flyball, 3D, EV 88.8 MPH)
|
Bottom of the 8th over - 0 runs, 1 hit, 0 errors, 1 left on base; Hialeah 3 - Syracuse 4 |
TOP OF THE 9TH |
Hialeah Dodos batting - Pitching for Syracuse Starks : RHP Bryant Clark
|
Pitching: RHP Miguel Bruno
|
|
Now at 1B: Byron Ballard
|
|
Batting: LHB Pete Black
|
0-0: Ball 1-0: Ball 2-0: Fly out, F7 (Line Drive, 78D, EV 93.8 MPH)
|
Batting: LHB Jon Melanson
|
0-0: Called Strike 0-1: Fly out, F9 (Flyball, 9, EV 76.9 MPH)
|
Batting: SHB Ronald Dacanay
|
0-0: Called Strike 0-1: Called Strike 0-2: Ball 1-2: Strikes out swinging
|
Top of the 9th over - 0 runs, 0 hits, 0 errors, 0 left on base; Hialeah 3 - Syracuse 4 |
|